 Dungeon Crawl Stone Soup version 0.27.1-1-g398f81649c (webtiles) character file.

Game seed: 18334143991972340072

1691 karkarkar the Cleaver (level 9, -1/75 HPs)
             Began as a Hill Orc Fighter on Sept 16, 2021.
             Slain by a two-headed ogre (15 damage)
             ... on level 7 of the Dungeon.
             The game lasted 00:16:24 (7291 turns).

karkarkar the Cleaver (Hill Orc Fighter)            Turns: 7291, Time: 00:16:25

Health: -1/75      AC: 13    Str: 34    XL:     9   Next: 2%
Magic:  13/13      EV:  8    Int:  8    God:
Gold:   272        SH:  0    Dex: 10    Spells: 8/8 levels left

rFire    + . .     SeeInvis .   B - +6 glaive of Zeidal {venom, rElec rF+ Str+6}
rCold    . . .     Faith    .   (shield currently unavailable)
rNeg     . . .     Spirit   .   j - +0 plate armour
rPois    .         Reflect  .   u - +0 helmet
rElec    +         Harm     .   b - +0 cloak
rCorr    .         Rampage  .   (no gloves)
Will     .....                  (no boots)
Stlth    ..........             o - amulet of the acrobat
HPRegen  0.22/turn              r - +6 ring of strength
MPRegen  0.13/turn              (no ring)

@: no status effects
A: no striking features
a: no special abilities


You were on level 7 of the Dungeon.
You visited 2 branches of the dungeon, and saw 8 of its levels.

You collected 272 gold pieces.

Inventory:

Hand Weapons
 a - a +0 war axe
 B - the +6 glaive of Zeidal (weapon) {venom, rElec rF+ Str+6}
   (You found it on level 6 of the Dungeon)

   It poisons the flesh of those it strikes.
   Str:       It affects your strength (+6).
   rF:        It protects you from fire.
   rElec:     It insulates you from electricity.
Missiles
 x - 6 javelins
 y - 14 poisoned darts
Armour
 b - a +0 cloak (worn)
 c - a +0 kite shield
 j - a +0 plate armour (worn)
 u - a +0 helmet (worn)
Jewellery
 o - an amulet of the acrobat (around neck)
 r - a +6 ring of strength (left hand)
Wands
 k - a wand of acid (17) (quivered)
 s - a wand of polymorph (12)
 A - a wand of flame (29)
 E - a wand of iceblast (8)
 G - a wand of mindburst (5)
Scrolls
 e - 4 scrolls of immolation
 m - a scroll of torment {unknown}
 n - a scroll of enchant armour {unknown}
 q - a scroll of enchant weapon {unknown}
 t - 2 scrolls of silence
 v - a scroll of teleportation {unknown}
 w - 2 scrolls of noise
 C - a scroll of fear {unknown}
Potions
 d - 2 potions of might
 f - 2 potions of mutation
 g - a potion of heal wounds
 h - a potion of lignification
 i - a potion of flight
 l - 2 potions of magic
 p - 3 potions of haste
 z - a potion of degeneration {unknown}
 D - a potion of attraction {unknown}
 F - 2 potions of invisibility


   Skills:
 + Level 6.2 Fighting
 + Level 9.3(9.6) Axes
 + Level 2.7(5.6) Polearms
 + Level 2.7 Throwing
 - Level 3.2 Armour
 - Level 0.3 Dodging
 + Level 0.2 Stealth
 + Level 5.5 Shields
 * Level 6.0 Invocations
 + Level 0.2 Evocations


You had 8 spell levels left.
You didn't know any spells.
Your spell library contained the following spells:

 Spells                   Type           Power      Damage    Failure   Level
 Ignite Poison            Fire/Tmut/Pois 0%         N/A       100%        3
 Mephitic Cloud           Conj/Pois/Air  0%         N/A       100%        3
 Bolt of Magma            Conj/Fire/Erth 0%         4d4       100%        5
 Summon Forest            Summ/Tloc      0%         N/A       100%        5
 Eringya's Noxious Bog    Tmut/Pois      0%         N/A       100%        6
 Summon Hydra             Summ           0%         N/A       100%        7


Dungeon Overview and Level Annotations

Branches:
Dungeon (7/15)             Temple (1/1) D:7

Altars:
Ashenzari
Cheibriados
Elyvilon
Gozag
Kikubaaqudgha
Makhleb
Nemelex Xobeh
Okawaru
Ru
Sif Muna
Uskayaw
Vehumet
Wu Jian
Xom
Yredelemnul
Zin

Shops:
D:3 !

Annotations:
D:3 3 runed translucent doors, a11behringer's ghost, amateur TrBe; deafmute's ghost, amateur HOFi


Message History

The bolt of acid hits the hound!
The hound is splashed with acid!
The acid corrodes the hound!
The hound is almost dead.
The bolt of acid misses the orc warrior.
The bolt of acid hits the howler monkey skeleton!
The howler monkey skeleton is splashed with acid.
The acid corrodes the howler monkey skeleton!
The howler monkey skeleton is severely damaged.
You hear a horrible gurgling sound!
The hound pauses to sniff the ground.
Aiming: Corrosive Bolt
Press: ? - help, Q - select action, (/) - cycle Shift-Dir - straight line, f/p - howler monkey skeleton
Aim: a howler monkey skeleton (severely damaged, covered in acid, 94% to hit)
The bolt of acid hits the two-headed ogre!
The two-headed ogre is splashed with acid.
The acid corrodes the two-headed ogre!
The two-headed ogre is heavily wounded.
The bolt of acid misses the hound.
The bolt of acid hits the orc warrior.
The orc warrior is splashed with acid.
The acid corrodes the orc warrior!
The orc warrior is moderately wounded.
The bolt of acid hits the howler monkey skeleton!
The howler monkey skeleton is splashed with acid.
The howler monkey skeleton seems to be corroded for longer.
You destroy the howler monkey skeleton!
You hear a shout!
The two-headed ogre hits you with a +0 giant club!
The two-headed ogre barely misses you.
An orc comes into view. It is wielding a +0 club.
You slash the two-headed ogre!
The two-headed ogre is poisoned.
The two-headed ogre is heavily wounded.
The two-headed ogre hits you with a +0 giant club!!
* * * LOW HITPOINT WARNING * * *
The two-headed ogre hits you with a +0 giant club!
* * * LOW HITPOINT WARNING * * *
You slash the two-headed ogre!
The two-headed ogre is severely wounded.
The two-headed ogre barely misses you.
The two-headed ogre hits you with a +0 giant club!
You die...

... ..# #.#.#
#Z#.# #D#.#
#o#.#.. #h#.#..
#O#.#.#
##@#.#.#
#....#.#
#....#.#
#....#.########
#..............
.#
##.###.########
># #.# #.#
#######.#
#.###.###
.##.....#
#.......#


You could see a two-headed ogre (very poisoned, corroded), a steam dragon, an
orc warrior (corroded), a hound (corroded) and a bullfrog skeleton.

Vanquished Creatures
  A water moccasin (D:6)
  Duvessa (D:7)
  3 ice beasts
  A hornet zombie (D:6)
  An ogre (D:7)
  A phantom (D:5)
  A bullfrog (D:6)
  A scorpion (D:4)
  Dowan (D:7)
  2 howler monkeys (D:7)
  5 orc priests
  2 jellies (D:6)
  3 hounds
  3 orc wizards
  4 iguanas
  A scorpion zombie (D:5)
  4 gnolls
  6 adders
  A howler monkey skeleton (D:7)
  2 worms
  2 dart slugs
  10 orcs
  6 ball pythons
  5 endoplasms
  4 giant cockroaches
  6 goblins
  13 hobgoblins
  4 jackals (D:1)
  4 kobolds
  6 quokkas
  7 bats
  4 frilled lizards
  5 rats
120 creatures vanquished.

Vanquished Creatures (others)
  5 withered plants (D:3)
5 creatures vanquished.

Grand Total: 125 creatures vanquished

Notes
Turn   | Place    | Note
-------+----------+-------------------------------------------
     0 | D:1      | karkarkar the Hill Orc Fighter began the quest for the Orb.
     0 | D:1      | Reached XP level 1. HP: 19/19 MP: 1/1
   142 | D:1      | Reached skill level 3 in Axes
   201 | D:1      | Reached XP level 2. HP: 26/27 MP: 2/2
   661 | D:1      | Reached XP level 3. HP: 32/33 MP: 3/3
   663 | D:1      | Found a faded altar of an unknown god.
  1452 | D:2      | Found a sparkling altar of Nemelex Xobeh.
  1665 | D:2      | Reached skill level 1 in Invocations
  2067 | D:3      | Reached skill level 4 in Axes
  2067 | D:3      | Reached XP level 4. HP: 22/41 MP: 4/4
  2610 | D:3      | Noticed a +0 dagger
  2611 | D:3      | Found a hide-covered altar of Uskayaw.
  2611 | D:3      | Noticed a +0 hand axe
  2660 | D:3      | Noticed deafmute's ghost (amateur HOFi)
  2660 | D:3      | Noticed a11behringer's ghost (amateur TrBe)
  2662 | D:3      | Found a runed translucent gate.
  2662 | D:3      | Found a runed translucent gate.
  2662 | D:3      | Found a runed translucent gate.
  2804 | D:3      | You fall into a shaft and drop 2 floors!
  2804 | D:5      | Entered Level 5 of the Dungeon
  2835 | D:5      | Reached XP level 5. HP: 34/47 MP: 6/6
  2944 | D:5      | Identified the +0 robe of Ibleorghy {rC++ Str-5}
  3000 | D:5      | Reached skill level 5 in Axes
  3459 | D:3      | Found Sodaom's Distillery.
  3928 | D:4      | Reached XP level 6. HP: 27/53 MP: 7/7
  4092 | D:4      | Reached skill level 6 in Axes
  4818 | D:5      | Reached XP level 7. HP: 57/60 MP: 9/9
  4854 | D:5      | Reached skill level 7 in Axes
  5034 | D:5      | Reached skill level 5 in Shields
  5232 | D:5      | Reached skill level 5 in Fighting
  5634 | D:6      | Reached skill level 8 in Axes
  5634 | D:6      | Reached skill level 1 in Throwing
  5650 | D:6      | Reached XP level 8. HP: 59/68 MP: 11/11
  5945 | D:6      | Found a shimmering blue altar of Sif Muna.
  5952 | D:6      | Identified the +6 glaive of Zeidal {venom, rElec rF+ Str+6}
  5966 | D:6      | Found an ornate altar of the Wu Jian Council.
  6130 | D:6      | Found a white marble altar of Elyvilon.
  6335 | D:6      | Reached skill level 9 in Axes
  6335 | D:6      | Reached skill level 5 in Invocations
  6373 | D:6      | Reached skill level 1 in Polearms
  6821 | D:7      | Noticed Dowan
  6821 | D:7      | Noticed Duvessa
  6865 | D:7      | Killed Duvessa
  6875 | D:7      | Killed Dowan
  7072 | D:7      | Reached XP level 9. HP: 66/75 MP: 13/13
  7128 | D:7      | Found a staircase to the Ecumenical Temple.
  7138 | Temple   | Entered the Ecumenical Temple
  7281 | D:7      | Noticed a two-headed ogre
  7291 | D:7      | Slain by a two-headed ogre

Illustrated notes

Levels and vault maps discovered:
D:1:      ncdulo_smallfort, layout_loops_ring, basic_ecumenical_altar,
          minmay_crystal_water
D:2:      layout_basic, basic_altar, minmay_misc_feat_room
D:3:      layout_loops_ring, dancing_weapons_uskayaw, gammafunk_ghost_cemetery,
          serial_shops, shop, hangedman_decor_riveting, eino_curves_01
D:4:      layout_cave_pods, minmay_circle_x
D:5:      layout_basic
D:6:      layout_basic, mainiacjoe_overflow_surrounded_room,
          grunt_temple_overflow_open, portal_sewer_entry_d
D:7:      layout_basic, minmay_temple_entry_antechambers, grunt_ministairs_7,
          minmay_manual_moon, uniq_duvessa
Temple:   nicolae_temple_hex_pool

Skill      XL: |  1  2  3  4  5  6  7  8  9 |
---------------+----------------------------+-----
Axes           | 3 4 5 6 8 9 |  9.3
Fighting       | 4 5 6 |  6.2
Invocations    | 1 2 3 4 5 6 |  6.0
Shields        | 4 5 |  5.5
Throwing       | 1 2 |  2.7
Polearms       | 2 |  2.7
Armour         | |  3.2
Dodging        | |  0.3
Stealth        | |  0.2
Evocations     | |  0.2

Action                   |  1- 3 |  4- 6 |  7- 9 || total
-------------------------+-------+-------+-------++-------
Melee: War axe           |   141 |   168 |    51 ||   360
       Glaive            |       |       |    66 ||    66
Throw: Javelin           |       |     4 |     4 ||     8
       Dart              |       |       |    24 ||    24
Evoke: Wand              |       |       |     6 ||     6
  Use: Scroll            |       |     6 |     3 ||     9
       Potion            |       |       |     1 ||     1
Armor: Scale mail        |    67 |    18 |       ||    85
       Plate armour      |       |    56 |    55 ||   111
Dodge: Dodged            |    44 |    64 |    39 ||   147
Block: Kite shield       |   110 |    92 |    23 ||   225
